Map: Dusk Towers

Players

HwaNDoL - Winner!

  • Race: Zerg Zerg
  • League: Diamond

ILLBdA

  • Race: Protoss Protoss
  • League: Diamond

VOD

Have the link to the VOD?

Description

Time

  • Played on: Dec. 29, 2015, 7:34 a.m.
  • Length: 21:14
Show
View Real Time Build Order
Export as new Build Order

HwaNDoL Zerg - Winner!

Build Orders: 3 Hatch before Pool 

Get SALT Encoding   

  12  0:01  Drone  
  13  0:12  Overlord  
  13  0:17  Drone  
  14  0:30  Drone x2  
  14  0:35  Drone  
  17  0:45  Drone  
  18  0:58  Hatchery  
  18  1:00  Drone  
  18  1:25  Drone  
  18  1:28  Hatchery  
  18  1:42  Drone  
  18  1:43  Spawning Pool  
  18  1:46  Drone  
  19  1:49  Drone, Extractor  
  19  1:56  Overlord  
  19  2:05  Drone  
  20  2:10  Drone  
  21  2:16  Drone  
  22  2:26  Drone  
  23  2:32  Queen x2  
  23  2:34  Zergling x2  
  23  2:35  Drone  
  29  2:37  Drone  
  30  2:48  Drone x3  
  33  2:52  Metabolic Boost  
  33  2:59  Queen  
  33  3:03  Drone  
  36  3:09  Overlord  
  36  3:10  Drone  
  36  3:11  Drone  
  38  3:15  Drone x2  
  39  3:29  Queen  
  39  3:31  Overlord  
  41  3:37  Drone x6  
  47  3:41  Extractor  
  46  3:55  Lair  
  46  4:03  Drone x2  
  46  4:04  Drone x4, Roach Warren  
  46  4:05  Overlord  
  46  4:06  Zergling x2  
  52  4:19  Zergling x4  
  54  4:26  Spore Crawler, Drone  
  54  4:28  Spore Crawler  
  54  4:29  Zergling x4  
  55  4:35  Spore Crawler  
  55  4:37  Drone x3, Extractor  
  56  4:39  Evolution Chamber  
  56  4:41  Evolution Chamber  
  54  4:48  Drone x3  
  54  4:49  Drone  
  58  4:54  Spine Crawler, Overseer  
  58  4:55  Spine Crawler  
  58  4:56  Overlord x2  
  57  5:00  Drone x5  
  61  5:08  Glial Reconstitution  
  61  5:13  Hydralisk Den  
  60  5:14  Overlord x2  
  60  5:15  Zergling x2  
  60  5:51  Hydralisk x4  
  60  5:52  Hydralisk x5  
  78  5:59  Pneumatized Carapace  
  78  6:03  Extractor  
  77  6:06  Drone x8  
  77  6:10  Extractor  
  84  6:12  Overlord x2  
  84  6:15  Muscular Augments  
  84  6:36  Hydralisk x3, Roach  
  84  6:37  Roach x2  
  96  6:40  Drone x2  
  96  6:41  Drone x2  
  96  6:42  Queen  
  96  6:46  Overseer  
  102  6:55  Hydralisk x2  
  102  6:56  Roach  
  108  7:06  Hydralisk  
  108  7:07  Roach  
  112  7:09  Overlord x2  
  112  7:10  Overlord x2  
  112  7:18  Zerg Missile Weapons Level 1  
  112  7:25  Hatchery x2  
  110  7:39  Queen  
  112  7:50  Infestation Pit, Zerg Ground Armor Level 1  
  111  8:06  Drone x3  
  111  8:07  Drone x3  
  111  8:08  Extractor  
  115  8:20  Hydralisk x12  
  139  8:33  Hive  
  139  8:51  Hydralisk x5  
  139  8:52  Hydralisk x3  
  139  8:53  Overlord x2  
  155  8:56  Spine Crawler x2  
  155  8:57  Extractor  
  155  8:58  Spore Crawler  
  155  8:59  Spine Crawler  
  155  9:00  Extractor  
  149  9:05  Drone x2  
  149  9:06  Drone x6  
  157  9:17  Hydralisk x3  
  163  9:31  Zerg Missile Weapons Level 2  
  163  9:34  Queen  
  163  9:35  Drone  
  163  9:36  Drone x7  
  173  9:46  Overlord x3  
  173  9:51  Overlord  
  173  9:52  Overlord  
  173  10:14  Viper x4  
  173  10:19  Drone  
  173  10:20  Drone x7  
  191  10:30  Viper  
  191  10:31  Viper  
  191  10:32  Hydralisk  
  191  10:34  Zerg Ground Armor Level 2  
  199  10:57  Overlord  
  199  10:58  Overlord  
  199  11:00  Evolution Chamber  
  199  11:01  Evolution Chamber  
  199  11:02  Evolution Chamber  
  196  12:15  Overlord x2  
  180  12:42  Hydralisk x3  
  180  12:43  Roach x2  
  188  12:58  Hydralisk x3  
  188  12:59  Roach x2  
  198  13:09  Zerg Ground Armor Level 3, Zerg Missile Weapons Level 3  
  160  13:47  Hydralisk x5  
  160  13:48  Hydralisk x4, Roach x7  
  182  13:49  Roach  
  194  14:09  Extractor  
  193  14:18  Evolution Chamber, Spore Crawler, Spine Crawler x2  
  193  14:19  Evolution Chamber, Extractor  
  193  14:20  Spine Crawler x2  
  193  14:21  Spine Crawler  
  176  15:47  Hydralisk x2  
  176  15:48  Hydralisk x4, Roach x3  
  176  15:49  Roach x3  
  186  16:22  Viper x2, Hydralisk x4  
  186  16:23  Hydralisk, Roach x4  
  186  16:25  Hydralisk x3  
  152  16:26  Hydralisk x4, Roach x6  
  152  16:27  Roach  
  170  16:34  Hydralisk x3, Roach  
  170  16:35  Roach x2  
  170  16:37  Hydralisk x2  
  170  16:38  Hydralisk x3, Roach x4  
  167  16:48  Viper x3  
  167  16:49  Viper  
  167  16:53  Viper  
  182  17:13  Hydralisk x2  
  182  17:14  Viper x3, Roach x2  
  199  17:29  Spine Crawler  
  198  17:31  Hatchery  
  197  17:38  Hatchery  
  197  17:44  Overseer x2  
  196  17:57  Evolution Chamber  
  196  17:58  Evolution Chamber  
  194  17:59  Evolution Chamber x2  
  172  18:40  Hydralisk x4  
  172  18:41  Hydralisk x3, Roach x5  
  186  18:42  Roach x2  
  189  19:03  Hydralisk x3  
  189  19:04  Roach x2  
  197  19:10  Hydralisk  
  197  19:15  Hydralisk  
  197  19:16  Hydralisk x4, Roach x3  
  197  19:17  Roach  
  189  19:27  Hydralisk x2  
  189  19:28  Hydralisk, Roach x2  
  199  19:48  Spore Crawler  
  198  20:11  Extractor  
  183  20:15  Extractor  
  147  20:23  Hydralisk x4  
  147  20:24  Hydralisk x6, Roach x5  
  147  20:25  Hydralisk x6, Roach x6  
  147  20:26  Hydralisk, Roach x5  
  166  20:47  Hydralisk x6, Roach  
  166  20:48  Hydralisk x4, Roach x6  
  166  20:49  Roach x2  
Show
View Real Time Build Order
Export as new Build Order

ILLBdA Protoss 

Build Orders: Nexus First, Oracle Opening, Zealot Archon 

Get SALT Encoding   

  12  0:00  Probe (Chrono Boost)  
  13  0:11  Probe (Chrono Boost)  
  14  0:19  Pylon  
  14  0:22  Probe (Chrono Boost)  
  15  0:37  Probe (Chrono Boost)  
  16  0:48  Probe (Chrono Boost)  
  17  0:58  Nexus  
  17  1:07  Gateway  
  17  1:11  Probe (Chrono Boost)  
  18  1:21  Probe (Chrono Boost)  
  18  1:23  Assimilator  
  19  1:27  Assimilator  
  19  1:32  Probe (Chrono Boost)  
  20  1:42  Probe (Chrono Boost)  
  21  1:53  Probe (Chrono Boost)  
  22  1:55  Cybernetics Core  
  22  2:03  Probe (Chrono Boost), Pylon  
  23  2:10  Probe (Chrono Boost)  
  23  2:14  Probe (Chrono Boost)  
  27  2:20  Probe (Chrono Boost)  
  28  2:25  Probe (Chrono Boost)  
  28  2:29  Adept  
  29  2:31  Probe (Chrono Boost)  
  29  2:32  Warp Gate (Chrono Boost)  
  29  2:36  Probe (Chrono Boost), Stargate  
  31  2:43  Probe (Chrono Boost)  
  32  2:48  Probe (Chrono Boost)  
  33  2:57  Gateway x2  
  33  2:58  Probe (Chrono Boost)  
  34  3:02  Probe (Chrono Boost)  
  35  3:08  Probe (Chrono Boost)  
  35  3:09  Pylon  
  35  3:12  Mothership Core (Chrono Boost)  
  38  3:17  Probe (Chrono Boost)  
  39  3:20  Oracle (Chrono Boost)  
  42  3:27  Assimilator  
  42  3:28  Probe  
  42  3:33  Probe  
  44  3:34  Assimilator  
  44  3:38  Probe  
  44  3:41  Pylon  
  45  3:47  Probe  
  46  3:51  Oracle (Chrono Boost)  
  46  3:52  Probe  
  50  4:00  Pylon  
  50  4:05  Probe  
  51  4:22  Probe, Oracle (Chrono Boost), Twilight Council  
  55  4:31  Nexus  
  55  4:32  Pylon  
  55  4:33  Sentry  
  55  4:34  Sentry, Pylon  
  55  4:36  Probe  
  55  4:38  Probe  
  61  4:48  Probe  
  61  4:51  Probe  
  63  4:55  Void Ray (Chrono Boost)  
  67  5:02  Probe, Dark Shrine  
  67  5:03  Adept  
  70  5:15  Pylon  
  70  5:25  Gateway  
  70  5:28  Gateway  
  70  5:31  Pylon  
  70  5:42  Void Ray (Chrono Boost)  
  71  5:46  Probe  
  72  5:56  Probe  
  72  6:03  Probe  
  74  6:07  Sentry, Gateway  
  74  6:08  Sentry  
  74  6:09  Gateway  
  74  6:10  Gateway  
  78  6:11  Gateway  
  78  6:16  Dark Templar  
  80  6:19  Void Ray (Chrono Boost)  
  84  6:28  Pylon, Robotics Facility  
  78  6:34  Probe  
  79  6:47  Dark Templar  
  79  6:48  Dark Templar  
  79  6:49  Probe  
  79  6:50  Probe  
  79  6:51  Assimilator x2  
  79  6:52  Probe  
  86  6:54  Archon  
  86  6:57  Void Ray (Chrono Boost)  
  90  7:07  Pylon  
  90  7:09  Pylon  
  90  7:11  Pylon  
  90  7:14  Probe  
  91  7:17  Robotics Bay  
  91  7:19  Observer  
  91  7:20  Sentry  
  94  7:26  Probe  
  93  7:40  Probe  
  93  7:41  Immortal (Chrono Boost), Pylon  
  93  7:42  Nexus  
  98  7:44  Robotics Facility  
  98  7:47  Void Ray  
  102  7:59  Probe  
  103  8:12  Dark Templar  
  105  8:13  Probe  
  105  8:14  Probe  
  105  8:15  Probe  
  105  8:16  Zealot x2  
  105  8:18  Dark Templar, Disruptor (Chrono Boost)  
  117  8:22  Archon  
  117  8:26  Probe  
  118  8:33  Disruptor (Chrono Boost)  
  121  8:37  Pylon  
  121  8:39  Pylon x2  
  121  8:42  Forge  
  121  8:44  Dark Templar x2  
  121  8:48  Archon  
  125  8:49  Disruptor (Chrono Boost)  
  125  8:52  Pylon  
  125  8:55  Pylon  
  128  9:04  Stalker, Disruptor (Chrono Boost)  
  133  9:10  Probe  
  133  9:16  Dark Templar  
  133  9:17  Dark Templar  
  138  9:21  Archon  
  138  9:22  Disruptor  
  141  9:24  Probe  
  141  9:25  Probe x2, Assimilator x2  
  141  9:26  Probe  
  145  9:33  Zealot x3  
  151  9:39  Disruptor  
  154  9:45  Probe  
  154  9:48  Probe  
  154  9:50  Dark Templar x2, Twilight Council  
  154  9:51  Probe  
  161  9:57  Gateway  
  161  9:58  Gateway  
  161  10:02  Disruptor  
  164  10:09  Probe  
  165  10:14  Disruptor  
  165  10:17  Charge (Chrono Boost)  
  165  10:19  Probe  
  165  10:31  Gateway  
  165  10:35  Dark Templar  
  167  10:36  Gateway, Zealot  
  167  10:38  Disruptor  
  172  10:45  Fleet Beacon  
  172  10:50  Disruptor  
  175  10:59  Photon Cannon  
  175  11:02  Photon Cannon  
  176  11:04  Probe  
  176  11:07  Nexus  
  176  11:10  Pylon  
  176  11:14  Disruptor  
  179  11:20  Templar Archives  
  179  11:26  Disruptor  
  179  11:32  Tempest  
  186  11:33  Robotics Facility  
  186  11:35  Robotics Facility  
  186  11:40  Dark Templar  
  186  11:41  Dark Templar x2  
  186  11:44  Archon  
  192  11:59  High Templar  
  194  12:01  High Templar  
  190  12:11  Zealot x5  
  197  12:30  Disruptor  
  171  12:43  Disruptor x2  
  159  12:57  Dark Templar x4  
  159  12:58  Dark Templar x3  
  167  13:01  Archon x2  
  167  13:02  Archon  
  167  13:03  Disruptor  
  172  13:05  Zealot  
  172  13:06  Zealot x3  
  172  13:07  Zealot x2  
  160  13:41  High Templar x4  
  160  13:47  Archon x2  
  168  13:50  Disruptor x2  
  168  13:53  Zealot x2  
  168  13:54  Zealot x5  
  168  13:55  Zealot  
  190  13:56  Probe  
  190  14:00  Stargate  
  190  14:01  Stargate  
  191  14:05  High Templar  
  191  14:07  Assimilator  
  193  14:11  Archon  
  193  14:12  Probe  
  193  14:15  Probe x2  
  193  14:16  Probe  
  197  14:23  High Templar  
  199  14:25  Observer  
  200  14:33  Protoss Ground Weapons Level 1 (Chrono Boost)  
  200  14:37  Forge  
  193  14:41  Disruptor  
  179  14:47  High Templar  
  175  14:56  Disruptor  
  175  14:59  Observer  
  176  15:00  Observer, Zealot x4  
  176  15:01  Zealot x4  
  176  15:02  Zealot  
  182  15:29  Void Ray  
  182  15:34  Zealot x4  
  182  15:35  Zealot  
  195  15:41  Nexus  
  195  15:48  Disruptor  
  198  15:51  Probe  
  199  15:59  Observer  
  193  16:16  Immortal  
  187  16:20  Immortal  
  187  16:25  Immortal  
  166  16:26  Zealot x2  
  166  16:30  Zealot x4  
  161  16:38  Void Ray x3  
  161  16:52  Probe  
  162  16:55  Immortal, Assimilator  
  162  16:59  Disruptor, Zealot x2  
  162  17:00  Zealot x3  
  162  17:01  Zealot  
  181  17:14  Pylon  
  181  17:16  Photon Cannon  
  181  17:17  Disruptor  
  181  17:19  Photon Cannon  
  181  17:20  Zealot x3  
  181  17:21  Zealot x3, Void Ray  
  200  17:40  Nexus  
  200  17:41  Pylon  
  200  17:42  Fleet Beacon  
  200  18:03  Stargate  
  200  18:04  Stargate  
  200  18:42  Carrier  
  188  19:14  Immortal x3  
  198  19:20  Carrier  
  198  19:33  Tempest x2  
  198  19:38  Probe  
  198  19:39  Probe  
  198  19:43  Nexus  
  200  19:55  Assimilator  
  200  19:58  Pylon, Assimilator  
  200  20:00  Assimilator  
  200  20:05  Assimilator  
  179  20:14  Zealot x5  
  179  20:15  Zealot x6  
  174  20:21  Immortal x3  
  148  20:33  Zealot  
  148  20:34  Zealot x2  
  130  20:35  Zealot x2  
  130  20:36  Zealot x4  
  122  20:56  Zealot x5  
  128  20:57  Zealot  
  140  21:09  Zealot x3  
  140  21:10  Zealot x2  
Tags
 
Add a new tag
Caveats
  • Supply blocks, unpowered buildings, or Contaminate may cause inaccurate times.
  • Supply counts are checked every 10 seconds.